 Dungeon Crawl Stone Soup version 0.21.0-3-g78d12a8 (webtiles) character file.

259 Ghouzt the Skirmisher (level 5, 0/42 HPs)
             Began as a Demonspawn Abyssal Knight on Jan 8, 2018.
             Was a Believer of Lugonu.
             Slain by a centaur (6 damage)
             ... on level 5 of the Dungeon.
             The game lasted 00:10:16 (3223 turns).

Ghouzt the Skirmisher (Demonspawn Abyssal Knight)   Turns: 3223, Time: 00:10:19

Health: 0/42       AC: 13    Str: 13    XL:     5   Next: 95%
Magic:  6/6        EV:  4    Int: 13    God:    Lugonu [**....]
Gold:   106        SH:  0    Dex: 13    Spells: 4/4 levels left

rFire    . . .     SeeInvis +   v - +0 battleaxe
rCold    + + +     Gourm    .   (shield currently unavailable)
rNeg     . . .     Faith    .   a - +0 plate armour
rPois    .         Spirit   .   (no helmet)
rElec    .         Reflect  .   o - scarf {rC+ rF+}
rCorr    .         Harm     .   (no gloves)
MR       .....                  (no boots)
Stlth    ..........             (no amulet)
HPRegen  0.14/turn              f - ring of ice
MPRegen  0.10/turn              k - ring of see invisible

@: no status effects
A: thin metallic scales 1, cold resistance 1, rot immunity
a: Depart the Abyss, Bend Space, Renounce Religion


You were on level 5 of the Dungeon.
You worshipped Lugonu.
Lugonu was pleased with you.
You were hungry.

You visited 1 branch of the dungeon, and saw 4 of its levels.
You visited the Abyss 1 time.

You collected 106 gold pieces.

Inventory:

Hand Weapons
 v - a +0 battleaxe (weapon)
Armour
 a - a +0 plate armour (worn)
 o - a scarf of resistance (worn)
Magical Staves
 s - an uncursed staff of earth {unknown}
Jewellery
 f - a ring of ice (left hand)
 k - a ring of see invisible (right hand)
Wands
 i - a wand of random effects (19)
 t - a wand of polymorph (19)
Scrolls
 d - a scroll of magic mapping {unknown}
 e - a scroll of fear {unknown}
 g - 2 scrolls of remove curse {unknown}
 h - a scroll of enchant armour {unknown}
 j - a scroll of random uselessness {unknown}
 m - 5 scrolls of teleportation {unknown}
 p - a scroll of immolation {unknown}
 w - a scroll of identify {unknown}
 x - a scroll of fog {unknown}
Potions
 r - a potion of cancellation {unknown}
 u - a potion of invisibility
Comestibles
 c - 10 rations


   Skills:
 + Level 4.2 Fighting
 + Level 3.9 Axes
 + Level 2.9 Armour
 + Level 1.7 Dodging
 + Level 0.1 Unarmed Combat
 + Level 2.4 Invocations


You had 4 spell levels left.
You didn't know any spells.

Dungeon Overview and Level Annotations

Branches:
Dungeon (3/15)

Altars:
Fedhas
Ru


Innate Abilities, Weirdness & Mutations

You are partially covered in thin metallic scales. (AC +2)
Your flesh is cold resistant. (rC+)
You are immune to rotting.


Message History

You slash the adder!
You kill the adder!
Lugonu accepts your kill.
The centaur hits you but does no damage.
The centaur hits you. x2
You hit the centaur but do no damage.
The centaur hits you but does no damage.
The centaur hits you.
You closely miss the centaur.
The centaur hits you but does no damage. x2
You slash the centaur!
The centaur is severely wounded.
The centaur hits you. x2
Your plate armour prevents you from hitting the centaur.
The centaur is severely wounded.
The centaur hits you but does no damage.
The centaur hits you!
* * * LOW HITPOINT WARNING * * *
The centaur hits you.
You die...

#.# #.######### ###
#.......... ..#
#.######### #.# #.# #.#
#.####### #.#
#.......#### #.#
#..........###.#########
#..........##..c@†......
#...........#..#########
#.#####.###.#..#
#.#####'###.#..#
#.#.........#..#
..#.........#..######
..#.........#.......#
..#...#.###.##.####.#
.......(.>#.##.####.#


You could see a centaur.

Vanquished Creatures
  Crazy Yiuf (D:2)
  Jessica (D:2)
  Natasha (twice) (D:2)
  A worker ant (D:5)
  3 adders
  3 gnolls (D:2)
  A shadow imp (D:5)
  A worm (D:2)
  3 dart slugs
  3 leopard geckos (D:2)
  2 orcs (D:5)
  3 giant cockroaches
  3 goblins
  3 hobgoblins
  4 jackals (D:1)
  2 quokkas
  3 ball pythons
  5 bats
  8 frilled lizards
  7 kobolds
  6 rats
65 creatures vanquished.

Notes
Turn   | Place    | Note
-------+----------+-------------------------------------------
     0 | Abyss:1  | Ghouzt the Demonspawn Abyssal Knight began the quest for the Orb.
     0 | Abyss:1  | Reached XP level 1. HP: 18/18 MP: 2/2
    40 | Abyss:1  | Noticed a starcursed mass
    41 | D:1      | Escaped the Abyss
   253 | D:1      | Reached * piety under Lugonu
   279 | D:1      | Gained mutation: You are immune to rotting. [demonic ancestry]
   279 | D:1      | Reached XP level 2. HP: 20/24 MP: 3/3
   379 | D:1      | Reached skill level 1 in Dodging
   998 | D:2      | Noticed Jessica
  1018 | D:2      | Killed Jessica
  1018 | D:2      | Reached XP level 3. HP: 10/30 MP: 4/4
  1229 | D:2      | Found a blossoming altar of Fedhas.
  1463 | D:2      | Gained mutation: You are partially covered in thin metallic scales. (AC +2) [demonic ancestry]
  1463 | D:2      | Reached XP level 4. HP: 34/37 MP: 5/5
  1484 | D:2      | Found a sacrificial altar of Ru.
  1902 | D:2      | Noticed Natasha
  1920 | D:2      | Killed Natasha
  2168 | D:2      | Reached skill level 4 in Fighting
  2168 | D:2      | Gained mutation: Your flesh is cold resistant. (rC+) [demonic ancestry]
  2168 | D:2      | Reached XP level 5. HP: 42/42 MP: 6/6
  2223 | D:2      | Noticed Natasha
  2235 | D:2      | Killed Natasha
  2235 | D:2      | Reached ** piety under Lugonu
  2346 | D:2      | Found a runed door.
  2350 | D:2      | Noticed Crazy Yiuf
  2354 | D:2      | Killed Crazy Yiuf
  2776 | D:3      | You fall through a shaft for 2 floors!
  2776 | D:5      | Entered Level 5 of the Dungeon
  3217 | D:5      | Noticed a centaur
  3223 | D:5      | Slain by a centaur

Skill      XL: |  1  2  3  4 |
---------------+-------------+-----
Dodging        | 1 |  1.7
Armour         | 2 |  2.9
Axes           | 2 3 |  3.9
Fighting       | 4 |  4.2
Unarmed Combat | |  0.1
Invocations    | |  2.4

Action                   |  1- 3 |  4- 6 || total
-------------------------+-------+-------++-------
Melee: Hand axe          |   102 |    78 ||   180
       Battleaxe         |       |    55 ||    55
       Unarmed           |       |     2 ||     2
Invok: Depart the Abyss  |     1 |       ||     1
  Use: Potion            |     3 |     2 ||     5
  Eat: Chunk             |     2 |     5 ||     7
Armor: Leather armour    |    35 |       ||    35
       Scale mail        |    22 |    35 ||    57
       Plate armour      |       |    45 ||    45
       Chain mail        |       |     3 ||     3
Dodge: Dodged            |    82 |    53 ||   135
